 Dungeon Sprint DCSS version 0.28-a0-199-g298df9dbad (webtiles) character file.

Game seed: 16020114041542442989

3 MikeHunt the Bolt Thrower (level 1, -2/16 HPs)
             Began as a Demonspawn Hunter on Aug 19, 2021.
             Slain by a human (7 damage)
             ... in the Dungeon (Sprint III: "The Ten Rune Challenge").
             The game lasted 00:00:45 (174 turns).

MikeHunt the Bolt Thrower (Demonspawn Hunter)        Turns: 174, Time: 00:00:45

Health: -2/16      AC:  3    Str: 12    XL:     1   Next: 41%
Magic:  1/1        EV: 11    Int: 12    God:
Gold:   14         SH:  0    Dex: 13    Spells: 0/0 levels left

rFire   . . .      SeeInvis .   a - +1 hand crossbow
rCold   . . .      Faith    .   (no shield)
rNeg    . . .      Spirit   .   c - +0 leather armour
rPois   .          Reflect  .   (no helmet)
rElec   .          Harm     .   (no cloak)
rCorr   .          Rampage  .   (no gloves)
Will    .....      NoTele   +   (no boots)
Stlth   +.........              (no amulet)
HPRegen 0.05/turn               (no ring)
MPRegen 0.07/turn               (no ring)

@: no status effects
A: no striking features
a: no special abilities


You were in the Dungeon.
You visited 1 branch You collected 14 gold pieces.

Inventory:

Hand Weapons
 a - a +1 hand crossbow (weapon)
 b - a +0 short sword
Missiles
 d - 11 bolts (quivered ammo)
Armour
 c - a +0 leather armour (worn)
Scrolls
 j - a scroll of blinking
Potions
 e - a potion of curing
 f - a potion of heal wounds
 g - a potion of haste
 h - 2 potions of magic
 i - a potion of berserk rage


   Skills:
 - Level 2.0 Fighting
 + Level 4.5 Crossbows
 - Level 1.7 Dodging
 - Level 0.8 Stealth


You couldn't memorise any spells.
You didn't know any spells.
Your spell library was empty.

Dungeon Overview and Level Annotations

Branches:
Dungeon (1/1)

Altars:


Message History

You shoot a bolt. The bolt misses the human.
Fire: 18 bolts
Press: ? - help, Q - select action Shift-Dir - straight line, f/p - human
Aim: a human (lightly wounded, 56% to hit)
You shoot a bolt. The bolt hits the human!
The human is heavily wounded.
Fire: 17 bolts
Press: ? - help, Q - select action Shift-Dir - straight line, f/p - human
Aim: a human (heavily wounded, 56% to hit)
You shoot a bolt.
The bolt hits the human but does no damage.
The human is heavily wounded.
The human hits you.
Fire: 16 bolts
Press: ? - help, Q - select action Shift-Dir - straight line, f/p - human
Aim: a human (heavily wounded, 56% to hit)
You shoot a bolt. The bolt closely misses the human.
The human barely misses you.
Fire: 15 bolts
Press: ? - help, Q - select action Shift-Dir - straight line, f/p - human
Aim: a human (heavily wounded, 56% to hit)
You shoot a bolt. The bolt barely misses the human.
The human closely misses you.
Fire: 14 bolts
Press: ? - help, Q - select action Shift-Dir - straight line, f/p - human
Aim: a human (heavily wounded, 56% to hit)
You shoot a bolt. The bolt closely misses the human.
The human hits you but does no damage. The human hits you.
Fire: 13 bolts
Press: ? - help, Q - select action Shift-Dir - straight line, f/p - human
Aim: a human (moderately wounded, 56% to hit)
You shoot a bolt. The bolt hits the human.
The human is heavily wounded.
The human hits you.
Fire: 12 bolts
Press: ? - help, Q - select action Shift-Dir - straight line, f/p - human
Aim: a human (heavily wounded, 56% to hit)
You shoot a bolt. The bolt barely misses the human.
The human hits you!
You die...

▓...#......##
▓..##.....†.#
▓##.##.##...# .#
##.##.###..# ..#
▓#.####.##..# .(.+
▓.###..##..##
#(..# ▓#.....##†.#
#(...#
###..##...##.....#
##..##...@#(.....#
#..###..##p# #..#
#.. ### ▓▓▓▓ ▓▓▓


You could see a human.

Vanquished Creatures
  An endoplasm (D)
  3 rats (D)
4 creatures vanquished.

Vanquished Creatures (others)
  2 plants (D)
2 creatures vanquished.

Grand Total: 6 creatures vanquished

Notes
Turn   | Place    | Note
-------+----------+-------------------------------------------
     0 | D        | MikeHunt the Demonspawn Hunter began the quest for the Orb.
     0 | D        | Reached XP level 1. HP: 16/16 MP: 1/1
    17 | D        | Reached skill level 4 in Crossbows
   174 | D        | Slain by a human

Illustrated notes

Levels and vault maps discovered:
D:        dungeon_sprint_mu [sprint_mu_entry_cave, sprint_mu_temple_rooms,
          sprint_mu_d1_spiders, sprint_mu_d2_genie, sprint_mu_d3_branching,
          sprint_mu_orc_legion, sprint_mu_elf_gauntlet, sprint_mu_hive_nellie,
          sprint_mu_lair_fedhas, sprint_mu_vaults_butterflies,
          sprint_mu_slime_circle, sprint_mu_swamp_cave, sprint_mu_shoals_archi,
          sprint_mu_blade_basic, sprint_mu_crypt_chambers,
          sprint_mu_tomb_spiral, sprint_mu_vestibule_basic,
          sprint_mu_gehenna_hellfire, sprint_mu_dis_giant,
          sprint_mu_tartarus_statrot, sprint_mu_cocytus_islands, sprint_mu_zot1]

Skill      XL: |  1 |
---------------+----+-----
Crossbows      | 4 |  4.5
Fighting       | |  2.0
Dodging        | |  1.7
Stealth        | |  0.8

Action                   || total
-------------------------++-------
Melee: Short sword       ||    13
 Fire: Hand crossbow     ||     9
 Stab: Sleeping          ||     1
Armor: Leather armour    ||     6
Dodge: Dodged            ||     8

Table legend: (Time is in decaauts)
 A = Elapsed time spent in this place.
 B = Non-inter-level travel time spent in this place.
 C = Inter-level travel time spent in this place.
 D = Time resting spent in this place.
 E = Time spent auto-exploring this place.
 F = Levels seen in this place.
 G = Mean time per level.
                   A        B        C        D        E       F      G
               +--------+--------+--------+--------+--------+-----+--------+
         Total |    175 |    175 |      0 |    109 |      0 |   1 |  175.0 |
       Dungeon |    175 |    175 |      0 |    109 |      0 |   1 |  175.0 |
               +--------+--------+--------+--------+--------+-----+--------+

Top non-repeatable levels by time:
       D: 175 daAuts
